 Dungeon Crawl Stone Soup version 0.30-a0-1066-g63dfefce0d (webtiles) character file.

Game seed: 10960122793520286162

167 oldriver the Trooper (level 5, -7/42 HPs)
             Began as a Mummy Fighter on Apr 13, 2023.
             Mangled by Menkaure (15 damage)
             ... on level 4 of the Dungeon.
             The game lasted 00:02:34 (2248 turns).

oldriver the Trooper (Mummy Fighter)                Turns: 2248, Time: 00:02:35

Health: -7/42      AC:  9    Str: 21    XL:     5   Next: 23%
Magic:  5/5        EV:  7    Int:  8    God:
Gold:   120        SH:  4    Dex: 11    Spells: 4/4 levels left

rFire   x . .      SeeInvis .    a - +0 war axe
rCold   + . .      Faith    +    c - +0 buckler
rNeg    + + +      Spirit   .    g - +0 chain mail
rPois   ∞          Reflect  .    h - +1 hat
rElec   .          Rampage  .    (no cloak)
rCorr   .                        (no gloves)
Will    .....                    (no boots) Stlth
                                 (no amulet)
HPRegen 0.27/turn                (no ring)
MPRegen 0.09/turn                (no ring)

@: no status effects
A: cold resistance 1, negative energy resistance 3, torment resistance 2, heat
vulnerability 1, in touch with death 1, no potions, faith
a: no special abilities


You were on level 4 of the Dungeon.
You visited 1 branch of the dungeon, and saw 4 of its levels.

You collected 120 gold pieces.

Inventory:

Hand Weapons
 a - a +0 war axe (weapon)
Armour
 c - a +0 buckler (worn)
 g - a +0 chain mail (worn)
 h - a +1 hat (worn)
Jewellery
 f - a ring of ice
Scrolls
 b - 2 scrolls of identify {unknown}
 d - a scroll of fog
 e - a scroll of teleportation
 i - a scroll of magic mapping {unknown}
 j - a scroll of fear {unknown}
 k - a scroll of poison {unknown}
 l - a scroll of immolation {unknown}
 m - a scroll of acquirement {unknown}
 n - a scroll of enchant weapon {unknown}


   Skills:
 + Level 4.1 Fighting
 * Level 3.8 Axes
 - Level 2.4 Armour
 - Level 2.4 Shields


You had 4 spell levels left.
You didn't know any spells.
Your spell library contained the following spells:

 Spells                   Type           Power      Damage    Failure   Level
 Kiss of Death            Conj/Necr      0%         2d5       99%         1
 Sandblast                Erth           0%         2d4       99%         1
 Passwall                 Tmut/Erth      0%         N/A       100%        2
 Confusing Touch          Hex            0%         N/A       100%        3
 Stone Arrow              Conj/Erth      0%         3d7       100%        3
 Dispel Undead            Necr           0%         3d6       100%        4
 Petrify                  Tmut/Erth      0%         N/A       100%        4
 Irradiate                Conj/Tmut      0%         3d11      100%        5
 Sublimation of Blood     Necr           Unusable   N/A       N/A         2

Dungeon Overview and Level Annotations

Branches:
Dungeon (4/15)
 Temple: D:4-7

Altars:
Xom

Shops:
D:2 ?*

Annotations:
D:4 Menkaure


Innate Abilities, Weirdness & Mutations

You are immune to poison.
Your flesh is cold resistant. (rC+)
You are immune to negative energy. (rN+++)
You are immune to unholy pain and torment.
You are vulnerable to heat. (rF-)
You are in touch with the powers of death.
You do not drink.
You have a special connection with the divine. (Faith)


Message History

No target in view!
No target in view!
No target in view!
m - a scroll labelled YNOOC VACE
Found a stone staircase leading up.
You see here a +0 plate armour.
n - a scroll labelled JOCWAM ORCHICHE A gnoll comes into view.
It is wielding a +0 club.
A gnoll is nearby!
A gnoll is nearby!
A gnoll is nearby!
Menkaure, Prince of Dust comes into view.
Found a ring mail.
Found a stone staircase leading up.
Menkaure shouts!
The gnoll shouts!
Menkaure gestures wildly while chanting.
Menkaure seems to speed up.
You see here a +0 plate armour.
There is a stone staircase leading up here.
You hit Menkaure.
Menkaure is lightly damaged.
You completely miss the gnoll. Menkaure closely misses you.
The gnoll barely misses you. You block Menkaure's attack.
You hit Menkaure but do no damage.
Menkaure is lightly damaged.
You hit the gnoll. Menkaure hits you but does no damage.
The gnoll hits you but does no damage.
You slash the gnoll!
You kill the gnoll!
You hit Menkaure. Menkaure hits you! Menkaure hits you but does no damage.
You are too injured to fight recklessly!
You are too injured to fight recklessly!
Unknown command.
You hit Menkaure.
Menkaure is heavily damaged.
Menkaure hits you! x2
* * * LOW HITPOINT WARNING * * *
You hit Menkaure.
Menkaure is heavily damaged.
Menkaure hits you!
You die...

8.. #.....##........ ##8#
#......#........
#######......#........
#...........#####.... #
#........[.....#....) #.
###...................
...#...........)........#
.........M...............
.......@)...............
...##................[...
.........#...............
.....#...#..............)
.... ##...........#.....#
... #...........#....## .
...##.......#....# ..###
#..##......## .#
..##>....##


You could see Menkaure (fast).

Vanquished Creatures
  2 orc wizards (D:3)
  A gnoll (D:4)
  4 adders
  A worm (D:2)
  3 dart slugs
  3 orcs (D:3)
  5 bats
  5 endoplasms
  3 giant cockroaches (D:1)
  3 goblins
  7 hobgoblins
  4 jackals (D:1)
  4 kobolds
  A quokka (D:2)
  7 ball pythons
  5 rats
58 creatures vanquished.

Notes
Turn   | Place    | Note
-------+----------+-------------------------------------------
     0 | D:1      | oldriver the Mummy Fighter began the quest for the Orb.
     0 | D:1      | Reached XP level 1. HP: 18/18 MP: 1/1
    96 | D:1      | Reached XP level 2. HP: 24/24 MP: 2/2
   429 | D:1      | Gained mutation: You are in touch with the powers of death.
                  | [Mummy growth]
   429 | D:1      | Reached XP level 3. HP: 29/29 MP: 3/3
   657 | D:2      | Found Tefauded's General Store.
   858 | D:2      | Found Dyloq's Magic Scroll Shoppe.
  1367 | D:3      | Found a shimmering altar of Xom.
  1367 | D:3      | Noticed an angel
  1519 | D:3      | Reached XP level 4. HP: 37/37 MP: 4/4
  1602 | D:3      | Found a faded altar of an unknown god.
  1632 | D:3      | Reached skill level 4 in Fighting
  1632 | D:3      | Reached XP level 5. HP: 20/42 MP: 5/5
  2228 | D:4      | Noticed Menkaure
  2248 | D:4      | Mangled by Menkaure

Illustrated notes

Levels and vault maps discovered:
D:1:      dpeg_arrival_pits, layout_basic
D:2:      layout_loops_ring, serial_shops, shop, nicolae_shop_trees
D:3:      layout_basic, grunt_temple_overflow_order_and_chaos_1,
          basic_ecumenical_altar, serial_curves, eino_curves_03, eino_curves_04
D:4:      layout_cave_pools, nicolae_overflow_hidden_temple, uniq_ijyb,
          uniq_menkaure, uniq_natasha

Skill      XL: |  1  2  3  4 |
---------------+-------------+-----
Axes           | 2 3 |  3.8
Fighting       | 4 |  4.1
Armour         | |  2.4
Shields        | |  2.4

Action                     |  1- 3 |  4- 6 || total
---------------------------+-------+-------++-------
  Melee: War axe           |    86 |    40 ||   126
    Use: Scroll            |     4 |       ||     4
 Armour: Scale mail        |    30 |       ||    30
         Chain mail        |    20 |    29 ||    49
  Dodge: Dodged            |    43 |     9 ||    52
  Block: Buckler           |    15 |     5 ||    20

Table legend: (Time is in decaauts)
 A = Elapsed time spent in this place.
 B = Non-inter-level travel time spent in this place.
 C = Inter-level travel time spent in this place.
 D = Time resting spent in this place.
 E = Time spent auto-exploring this place.
 F = Levels seen in this place.
 G = Mean time per level.
                   A        B        C        D        E       F      G
               +--------+--------+--------+--------+--------+-----+--------+
         Total |   2296 |   2190 |    106 |    127 |   1629 |   4 |  574.0 |
       Dungeon |   2296 |   2190 |    106 |    127 |   1629 |   4 |  574.0 |
               +--------+--------+--------+--------+--------+-----+--------+

Top non-repeatable levels by time:
     D:3: 870 daAuts
     D:2: 692 daAuts
     D:1: 670 daAuts
     D:4: 63 daAuts
